 Dungeon Crawl Stone Soup version 0.29.1-1-gd02db6906a (webtiles) character file.

Game seed: 2357502517813672292

150 porpoise the Trooper (level 5, -1/43 HPs)
             Began as a Formicid Abyssal Knight on Oct 23, 2022.
             Was a Priest of Lugonu.
             Slain by a gnoll
             ... wielding a +0 club
              (4 damage)
             ... on level 5 of the Dungeon.
             The game lasted 00:04:09 (1656 turns).

porpoise the Trooper (Formicid Abyssal Knight)      Turns: 1656, Time: 00:04:09

Health: -1/43      AC:  6    Str: 19    XL:     5   Next: 58%
Magic:  6/6        EV: 10    Int: 10    God:    Lugonu [***...]
Gold:   111        SH:  0    Dex: 14    Spells: 4/4 levels left

rFire   + . .      SeeInvis +   a - +1 hand axe
rCold   + . .      Faith    .   (no shield)
rNeg    . . .      Spirit   .   c - +0 ring mail
rPois   .          Reflect  .   (helmet unavailable)
rElec   .          Harm     .   d - scarf {rC+ rF+}
rCorr   .          Rampage  .   g - +0 pair of gloves
Will    .....                   (no boots)
Stlth   +.........              (no amulet)
HPRegen 0.14/turn               (no ring)
MPRegen 0.10/turn               (no ring)

@: no status effects
A: permanent stasis, dig shafts and tunnels, antennae 3, four strong arms
a: Dig, Shaft Self, Renounce Religion, Depart the Abyss, Bend Space, Banish


You were on level 5 of the Dungeon.
You worshipped Lugonu.
Lugonu was most pleased with you.
You visited 1 branch of the dungeon, and saw 4 of its levels.
You visited the Abyss 1 time.

You collected 111 gold pieces.

Inventory:

Hand Weapons
 a - a +1 hand axe (weapon)
 e - a +0 trident
Armour
 c - a +0 ring mail (worn)
 d - a scarf of resistance (worn)
 g - a +0 pair of gloves (worn)
Scrolls
 b - 4 scrolls of identify {unknown}
 f - a scroll of butterflies {unknown}
 h - a scroll of silence {unknown}
 m - a scroll of blinking {unknown}
 n - a scroll of teleportation {unknown}
Potions
 i - 2 potions of curing {unknown}
 j - a potion of flight {unknown}
 k - a potion of degeneration {unknown}
 l - a potion of haste {unknown}


   Skills:
 + Level 4.5 Fighting
 * Level 4.5 Axes
 - Level 2.1 Armour
 - Level 0.8 Dodging
 - Level 2.1 Invocations


You had 4 spell levels left.
You didn't know any spells.
Your spell library contained the following spells:

 Spells                   Type           Power      Damage    Failure   Level
 Borgnjor's Revivificati  Necr           0%         N/A       100%        8
 Necromutation            Tmut/Necr      0%         N/A       100%        8
 Death's Door             Necr           0%         N/A       100%        9


Dungeon Overview and Level Annotations

Branches:
Dungeon (5/15)
 Temple: D:4-7

Altars:


Innate Abilities, Weirdness & Mutations

You cannot be hasted, slowed, berserked, paralysed or teleported.
You can dig through walls and to a lower floor.
You have a pair of large antennae on your head. (SInv)
Your four strong arms can wield two-handed weapons with a shield.


Message History

There is a stone staircase leading up, spattered with blood here.
You barely miss the endoplasm. The endoplasm barely misses you.
You hit the endoplasm.
The endoplasm is almost dead.
The endoplasm hits you but does no damage.
You hit the endoplasm.
You kill the endoplasm!
Lugonu accepts your kill.
You climb upwards.
The jelly quivers.
The gnoll hits you with a +0 club.
There is a stone staircase leading down here.
You hit the gnoll but do no damage. The gnoll hits you with a +0 club.
The gnoll hits you from afar with a +0 spear.
The gnoll hits you with a +0 club.
The gnoll hits you from afar with a +0 spear.
You climb downwards.
There is a stone staircase leading up, spattered with blood here.
You are too injured to fight recklessly!
You are too injured to fight recklessly!
You are too injured to fight recklessly!
You hit the gnoll.
The gnoll is lightly wounded.
The gnoll misses you.
You hit the gnoll.
The gnoll is moderately wounded.
The gnoll hits you with a +0 club!
You hit the gnoll but do no damage. You punch the gnoll.
The gnoll is heavily wounded.
The gnoll barely misses you.
You hit the gnoll.
The gnoll is heavily wounded.
The gnoll hits you with a +0 club.
* * * LOW HITPOINT WARNING * * *
You barely miss the gnoll.
The gnoll is heavily wounded.
The gnoll hits you with a +0 club!
* * * LOW HITPOINT WARNING * * *
The gnoll hits you with a +0 club.
You die... #.####### #.....g@# #.#######

You could see a gnoll.

Vanquished Creatures
  A phantom (D:5)
  3 adders (D:2)
  6 endoplasms
  3 giant cockroaches
  4 goblins
  4 hobgoblins (D:1)
  5 jackals (D:1)
  4 ball pythons
  6 bats (D:1)
  4 frilled lizards
  7 kobolds
  2 rats (D:1)
49 creatures vanquished.

Vanquished Creatures (others)
  A fungus (D:1)
  2 plants (D:1)
3 creatures vanquished.

Grand Total: 52 creatures vanquished

Notes
Turn   | Place    | Note
-------+----------+-------------------------------------------
     0 | Abyss:1  | porpoise the Formicid Abyssal Knight began the quest for
                  | the Orb.
     0 | Abyss:1  | Reached XP level 1. HP: 18/18 MP: 2/2
     1 | D:1      | Escaped the Abyss
    62 | D:1      | Reached XP level 2. HP: 5/24 MP: 3/3
   475 | D:1      | Reached XP level 3. HP: 30/30 MP: 4/4
   598 | D:1      | Reached *** piety under Lugonu
   743 | D:1      | Found a faded altar of an unknown god.
  1085 | D:2      | Reached XP level 4. HP: 26/37 MP: 5/5
  1428 | D:2      | You fall into a shaft and drop 2 floors!
  1464 | D:4      | Noticed a phantom
  1481 | D:5      | Entered Level 5 of the Dungeon
  1497 | D:5      | Killed a phantom
  1498 | D:5      | Reached XP level 5. HP: 23/43 MP: 6/6
  1656 | D:5      | Slain by a gnoll

Illustrated notes

Levels and vault maps discovered:
D:1:      lemuel_arrival_broad_hall, layout_rooms,
          dreamdust_ecumenical_altar_hidden_monk_grotto, minmay_quantized
D:2:      cheibrodos_pilgrimage, layout_rooms
D:4:      layout_cave_pools, grunt_qazlal_clouds,
          minmay_temple_entry_glassed_door, serial_shops, shop_statue,
          uniq_crazy_yiuf_cottage
D:5:      layout_basic, lemuel_tele_altar, mainiacjoe_overflow_alcove_2

Skill      XL: |  1  2  3  4 |
---------------+-------------+-----
Axes           | 3 4 |  4.5
Fighting       | 4 |  4.5
Armour         | |  2.1
Dodging        | |  0.8
Invocations    | |  2.1

Action                   |  1- 3 |  4- 6 || total
-------------------------+-------+-------++-------
Melee: Hand axe          |   105 |    55 ||   160
       Punch             |     2 |     2 ||     4
Armor: Ring mail         |    36 |    17 ||    53
       Leather armour    |     1 |       ||     1
Dodge: Dodged            |    71 |    22 ||    93
